 Dungeon Crawl Stone Soup version 0.28-a0-851-g8b9cc49659 (webtiles) character file.

Game seed: 15351143612619047176

316 ytrimaz the Shield-Bearer (level 6, -7/49 HPs)
             Began as a Formicid Fighter on Nov 14, 2021.
             Mangled by Menkaure (19 damage)
             ... on level 4 of the Dungeon.
             The game lasted 00:04:03 (2995 turns).

ytrimaz the Shield-Bearer (Formicid Fighter)        Turns: 2995, Time: 00:04:04

Health: -7/49      AC:  8    Str: 22    XL:     6   Next: 73%
Magic:  6/6        EV: 10    Int:  8    God:
Gold:   215        SH:  4    Dex: 10    Spells: 5/5 levels left

rFire   . . .      SeeInvis +   a - +1 war axe (freeze)
rCold   . . .      Faith    .   c - +0 buckler
rNeg    . . .      Spirit   .   m - +3 ring mail
rPois   .          Reflect  .   (helmet unavailable)
rElec   .          Harm     .   (no cloak)
rCorr   .          Rampage  .   (no gloves)
Will    .....                   (no boots)
Stlth   ..........              (no amulet)
HPRegen 0.16/turn               l - ring of flight
MPRegen 0.10/turn               (no ring)

@: flying
A: permanent stasis, dig shafts and tunnels, antennae 3, four strong arms
a: Dig, Shaft Self


You were on level 4 of the Dungeon.
You visited 1 branch of the dungeon, and saw 4 of its levels.

You collected 215 gold pieces.

Inventory:

Hand Weapons
 a - a +1 war axe of freezing (weapon)
Armour
 c - a +0 buckler (worn)
 g - a +1 plate armour
 m - a +3 ring mail (worn)
Jewellery
 l - a ring of flight (left hand)
 n - an amulet of regeneration
Scrolls
 f - a scroll of magic mapping
 k - a scroll of brand weapon
 p - 2 scrolls of amnesia
Potions
 b - a potion of curing
 d - a potion of mutation {unknown}
 e - a potion of attraction {unknown}
 h - a potion of brilliance {unknown}
 i - 2 potions of degeneration {unknown}
 j - a potion of ambrosia {unknown}
 o - a potion of heal wounds {unknown}


   Skills:
 + Level 4.4 Fighting
 + Level 4.7 Axes
 + Level 4.3 Armour
 + Level 4.7 Shields


You had 5 spell levels left.
You didn't know any spells.
Your spell library contained the following spells:

 Spells                   Type           Power      Damage    Failure   Level
 Summon Small Mammal      Summ           0%         N/A       56%         1
 Call Canine Familiar     Summ           0%         N/A       90%         3
 Summon Guardian Golem    Hex/Summ       0%         N/A       90%         3


Dungeon Overview and Level Annotations

Branches:
Dungeon (4/15)
 Temple: D:4-7

Altars:
Ashenzari
Makhleb

Annotations:
D:4 Eustachio, Menkaure


Innate Abilities, Weirdness & Mutations

You cannot be hasted, slowed, berserked, paralysed or teleported.
You can dig through walls and to a lower floor.
You have a pair of large antennae on your head. (SInv)
Your four strong arms can wield two-handed weapons with a shield.


Message History

Found a club.
You now have 215 gold pieces (gained 14).
You see here a +0 club.
o - a fuming blue potion
Found a curved jewelled staff.
Menkaure, Prince of Dust comes into view.
Menkaure shouts!
Menkaure is nearby!
There are no items here.
Menkaure mumbles some strange words.
Menkaure seems to speed up.
Menkaure calls on the powers of darkness!
Your body is wracked with pain!
You see here a +0 club.
Menkaure calls on the powers of darkness!
Your body is wracked with pain!
You start resting.
Menkaure is nearby!
Menkaure calls on the powers of darkness!
Your body is wracked with pain!
* * * LOW HITPOINT WARNING * * *
You slash Menkaure! You freeze Menkaure.
Menkaure is heavily damaged.
Menkaure barely misses you.
You slash Menkaure! You freeze Menkaure.
Menkaure is almost destroyed.
Menkaure hits you.
* * * LOW HITPOINT WARNING * * *
Menkaure hits you.
* * * LOW HITPOINT WARNING * * *
You closely miss Menkaure.
Menkaure is almost destroyed.
Menkaure closely misses you.
Unknown command.
You feel better.
Menkaure calls on the powers of darkness!
Your body is wracked with pain!
* * * LOW HITPOINT WARNING * * *
You feel better. Menkaure hits you!!
You die...

#.# ##.# #....#
##.# #..###.#.#..#
#..####...#.#M...#
#..##...##.##.##.#
...#.8.#..#.#.##.#
#..#.....####.##.#
#<...((....##.##.#
#..#..###..##)##.#
#..#.###.#..#.##@#
)..### ####....M.#
##.# ###.####
.#... ...# #..###
....## .## ####.
... .. #### ###


You could see Menkaure (fast).

Vanquished Creatures
  An orc warrior (D:4)
  A hound (D:4)
  An orc priest (D:4)
  An iguana (D:4)
  An orc wizard (D:4)
  2 adders
  3 worms
  2 dart slugs
  4 orcs (D:4)
  6 ball pythons
  2 endoplasms
  8 giant cockroaches
  6 goblins
  8 hobgoblins
  2 jackals (D:1)
  5 quokkas
  13 bats
  4 frilled lizards
  4 kobolds
  6 rats
80 creatures vanquished.

Notes
Turn   | Place    | Note
-------+----------+-------------------------------------------
     0 | D:1      | ytrimaz the Formicid Fighter began the quest for the Orb.
     0 | D:1      | Reached XP level 1. HP: 18/18 MP: 1/1
   163 | D:1      | Reached XP level 2. HP: 21/24 MP: 2/2
   431 | D:1      | Reached XP level 3. HP: 29/29 MP: 3/3
  1107 | D:2      | Reached XP level 4. HP: 33/37 MP: 4/4
  1864 | D:3      | Found a burning altar of Makhleb.
  2028 | D:3      | Found a broken altar of Ashenzari.
  2303 | D:3      | Reached XP level 5. HP: 36/42 MP: 5/5
  2710 | D:4      | Noticed an orc warrior
  2723 | D:4      | Killed an orc warrior
  2724 | D:4      | Reached XP level 6. HP: 43/49 MP: 6/6
  2850 | D:4      | Noticed Eustachio
  2969 | D:4      | Noticed Menkaure
  2992 | D:4      | HP: 1/49 [Menkaure (6)]
  2995 | D:4      | Mangled by Menkaure

Illustrated notes

Levels and vault maps discovered:
D:1:      wander_arrival_lonely_grave, layout_basic, chequers_decorated_corner,
          grunt_decor_mini_mirrors, minmay_misc_feat_four_crosses,
          minmay_tromino_v7
D:2:      layout_rooms, shapermc_ecumenical_altar_petra
D:3:      layout_loops_cross, lemuel_round_altar, evilmike_ruin_ashenzari
D:4:      layout_loops_ring, hellmonk_ghost_happy_afterlife,
          guppyfry_early_orc_mine, uniq_crazy_yiuf_cottage, uniq_eustachio,
          uniq_menkaure

Skill      XL: |  1  2  3  4  5 |
---------------+----------------+-----
Shields        | 4 |  4.7
Axes           | 3 4 |  4.7
Armour         | 4 |  4.3
Fighting       | 4 |  4.4

Action                   |  1- 3 |  4- 6 || total
-------------------------+-------+-------++-------
Melee: War axe           |   102 |   122 ||   224
 Abil: Dig               |     1 |       ||     1
  Use: Scroll            |     2 |     6 ||     8
       Potion            |       |     3 ||     3
 Stab: Distracted        |       |     1 ||     1
Armor: Scale mail        |    15 |       ||    15
       Plate armour      |    59 |    26 ||    85
       Ring mail         |       |    54 ||    54
Dodge: Dodged            |    41 |    55 ||    96
Block: Buckler           |    28 |    38 ||    66

Table legend: (Time is in decaauts)
 A = Elapsed time spent in this place.
 B = Non-inter-level travel time spent in this place.
 C = Inter-level travel time spent in this place.
 D = Time resting spent in this place.
 E = Time spent auto-exploring this place.
 F = Levels seen in this place.
 G = Mean time per level.
                   A        B        C        D        E       F      G
               +--------+--------+--------+--------+--------+-----+--------+
         Total |   3072 |   2952 |    120 |    303 |   1881 |   4 |  768.0 |
       Dungeon |   3072 |   2952 |    120 |    303 |   1881 |   4 |  768.0 |
               +--------+--------+--------+--------+--------+-----+--------+

Top non-repeatable levels by time:
     D:1: 1071 daAuts
     D:3: 830 daAuts
     D:2: 814 daAuts
     D:4: 356 daAuts
